 Dungeon Crawl Stone Soup version 0.17.1-3-g152610e (webtiles) character file.

70357 Jerry the Severer (level 15, -7/121 HPs)
             Began as a Hill Orc Fighter on Mar 13, 2016.
             Was the Champion of Beogh.
             Mangled by a large abomination (15 damage)
             ... on level 1 of the Abyss.
             The game lasted 03:10:10 (23953 turns).

Jerry the Severer (Hill Orc Fighter)               Turns: 23953, Time: 03:10:10

Health: -7/121     AC: 52    Str: 24      XL:     15   Next: 33%
Magic:  15/15      EV:  6    Int: 15 (16) God:    Beogh [******]
Gold:   3086       SH:  2    Dex: 10      Spells: 0 memorised, 14 levels left

rFire  + + .     SeeInvis .     f - +7 hand axe "Jopagu" {freeze, rN+}
rCold  . . .     Clarity  +     p - +8 orange crystal plate armour {Archmagi, Int+3 Clar SustAt}
rNeg   + . .     SustAt   +     (no shield)
rPois  .         Gourm    .     (helmet restricted)
rElec  .         Spirit   .     I - +0 cloak
rCorr  .         Warding  .     T - +2 pair of gloves {Str+3}
rMut   .         Stasis   .     o - +2 pair of boots
MR     +....                    M - amulet of Sovereignty {Clar rF++ rC- Int+2 Slay+2}
Stlth  ..........               N - ring of sustain attributes
                                g - ring of flight

@: very slightly contaminated, somewhat resistant to hostile enchantments,
extremely unstealthy
A: walk on water, antennae 1, hooves 1, icy blue scales 1, iridescent scales 1,
large bone plates 1, cold resistance 1, dopey 1, mutation resistance 1, sense
surroundings 1, screaming 1
a: Smiting, Recall Orcish Followers, Give Item to Named Follower, Renounce
Religion, Evoke Flight


You were on level 1 of the Abyss.
You worshipped Beogh.
Beogh was exalted by your worship.
You were not hungry.

You visited 4 branches of the dungeon, and saw 27 of its levels.
You visited the Abyss 1 time.

You collected 3323 gold pieces.
You spent 237 gold pieces at shops.

Inventory:

Hand Weapons
 f - the +7 hand axe "Jopagu" (weapon) {freeze, rN+}
   (You found it on level 10 of the Dungeon)

   It has been specially enchanted to freeze those struck by it, causing extra
   injury to most foes and up to half again as much damage against particularly
   susceptible opponents.
   It can also slow down cold-blooded creatures.
   It protects you from negative energy.
 s - a +0 halberd of distortion
 P - a +5 great sword of protection
Missiles
 W - 3 silver tomahawks (quivered)
Armour
 c - a +1 shield
 o - a +2 pair of boots (worn)
 p - the +8 orange crystal plate armour (worn) {Archmagi, Int+3 Clar SustAt}
   (You found it on level 7 of the Dungeon)

   It affects your intelligence (+3).
   It sustains your strength, intelligence and dexterity.
   It protects you against confusion.
 I - a +0 cloak (worn)
 T - a +2 pair of gloves of strength (worn)
Jewellery
 g - a ring of flight (left hand)
 q - a cursed amulet of inaccuracy {unknown}
 M - the amulet of Sovereignty (around neck) {Clar rF++ rC- Int+2 Slay+2}
   (You found it on level 7 of the Lair of Beasts)

   [amulet of clarity]

   It provides mental clarity.
   It affects your intelligence (+2).
   It affects your accuracy and damage with ranged weapons and melee attacks
   (+2).
   It greatly protects you from fire.
   It makes you vulnerable to cold.
 N - a ring of sustain attributes (right hand)
 Y - an uncursed amulet of resist mutation {unknown}
 Z - an uncursed amulet of rage {unknown}
Wands
 d - a wand of draining (7)
 H - a wand of disintegration (12)
Scrolls
 a - a scroll of enchant weapon
 b - a scroll of acquirement {unknown}
 k - 2 scrolls of amnesia
 l - 8 scrolls of teleportation
 m - 6 scrolls of fear
 n - 10 scrolls of remove curse
 y - 3 scrolls of identify
 C - 3 scrolls of fog
 J - 2 scrolls of recharging
 R - a scroll of summoning
 U - 3 scrolls of enchant armour
 V - 2 scrolls of blinking
 X - a scroll of magic mapping
Potions
 j - 2 potions of curing
 u - a potion of cancellation {unknown}
 v - 3 potions of mutation {unknown}
 w - 4 potions of heal wounds {unknown}
 x - 3 potions of resistance {unknown}
 z - a potion of beneficial mutation {unknown}
 B - 4 potions of flight
 E - 7 potions of brilliance
 G - a potion of magic {unknown}
 L - 5 potions of berserk rage
 O - a potion of invisibility {unknown}
Books
 K - a book of Callings

   Spells                             Type                      Level
   a - Summon Small Mammal            Summoning                    1
   b - Call Imp                       Summoning                    2
   c - Call Canine Familiar           Summoning                    3
   d - Summon Guardian Golem          Hexes/Summoning              3
   e - Summon Lightning Spire         Summoning/Air                4
   f - Summon Ice Beast               Ice/Summoning                4
Comestibles
 e - 13 bread rations
 h - 11 meat rations
 i - 11 fruits
 r - 22 beef jerkies
 A - 3 slices of pizza
 F - 12 royal jellies


   Skills:
 + Level 7.7 Fighting
 + Level 18.7 Axes
 + Level 16.4 Armour
 - Level 15.5 Shields


You had 14 spell levels left.
You didn't know any spells.

Dungeon Overview and Level Annotations

Branches:
Dungeon (14/15)            Temple (1/1) D:4            Lair (8/8) D:10
  Swamp (0/4) Lair:5       Spider (0/4) Lair:4        Slime (0/6) Lair:8
    Orc (4/4) D:9             Elf (0/3) Orc:4        Vaults (0/5) D:14

Altars:
Ashenzari
Cheibriados
Dithmenos
Elyvilon
Fedhas
Gozag
Kikubaaqudgha
Makhleb
Nemelex Xobeh
Okawaru
Qazlal
Ru
Sif Muna
Trog
Vehumet
Xom
Yredelemnul
Zin
The Shining One
Beogh
Jiyva

Shops:
D:6 *   Orc:4 ([*:


Innate Abilities, Weirdness & Mutations

You can walk on water.
You have a pair of small antennae on your head.
You have large cloven feet.
You are partially covered in icy blue scales (AC +1).
You are partially covered in iridescent scales (AC +4).
You are partially covered in large bone plates (AC +2, SH +2).
Your flesh is cold resistant.
You are dopey. (Int -2)
You are somewhat resistant to further mutation.
You passively map a small area around you.
[You occasionally shout uncontrollably at your foes.]


Message History

The thrashing horror tramples you but does no damage. x2
The thrashing horror roars!
The thrashing horror completely misses you.
The thrashing horror tramples you but does no damage.
The thrashing horror closely misses you.
The thrashing horror tramples you but does no damage.
The thrashing horror roars!
The thrashing horror tramples you but does no damage. x2
The thrashing horror roars!
The thrashing horror tramples you but does no damage. x2
The thrashing horror roars!
The thrashing horror tramples you but does no damage. x2
A large abomination comes into view.
The thrashing horror roars!
The thrashing horror tramples you but does no damage. x2
The thrashing horror roars!
The thrashing horror tramples you but does no damage. x2
The thrashing horror roars!
The large abomination hits you!
You die...

.....#.X# ##.# #
. #...#.##4#..##
...#...3.#..#..
#...$#......####
#........#X#.#
......##.#...#
#### #..#.##..#
#.#.X#XX.#.##
###..##@## . #.#
#..# #.# ..#..
##...#..## ...#.
#.# #. . ... . .
..# #. .#.


You could see a thrashing horror, 2 large abominations, a smoke demon and a blue
devil.

Vanquished Creatures
  A tentacled starspawn (Abyss:1)
  A centaur warrior (D:13)
  2 death yaks (Lair:4)
  An orc high priest (Orc:3)
  Sonja (Orc:3)
  2 unseen horrors
  2 hill giants
  2 orc sorcerers
  5 ugly things
  A black mamba (Lair:7)
  11 spiny frogs
  4 torpor snails
  2 komodo dragons
  2 centaur skeletons
  2 fire drakes
  A giant leech (Lair:8)
  4 trolls
  A two-headed ogre (Orc:4)
  4 polar bears
  4 blink frogs
  A wraith (Abyss:1)
  A shadow (D:14)
  A wyvern (D:14)
  A hungry ghost (D:9)
  A trapdoor spider (D:14)
  The ghost of Jerry the Chopper, an amateur HOFi (D:3)
  30 yaks
  2 chaos spawn (Abyss:1)
  A mottled dragon (D:12)
  11 humans (D:14)
  2 fire elementals (Orc:4)
  9 hippogriffs
  6 swamp worms (Lair:1)
  5 wargs (Lair:8)
  8 porcupines
  2 soldier ants
  7 wolves (Lair:8)
  Duvessa (D:5)
  10 orc warriors
  5 vampire mosquitoes
  7 water moccasins
  A large abomination (Abyss:1)
  A hell hound (Orc:4)
  A phantom (D:8)
  5 sky beasts
  A small abomination (Abyss:1)
  A spider (D:8)
  10 ogres
  3 wasps
  8 black bears
  7 centaurs
  4 ice beasts
  A necrophage (D:9)
  A big kobold (D:11)
  6 crocodiles
  22 giant frogs
  4 brain worms
  A wyvern zombie (D:11)
  Dowan (D:5)
  2 gnoll sergeants
  A wyvern skeleton (D:10)
  2 troll zombies (D:9)
  5 scorpions
  3 electric eels
  3 wights
  3 jellies
  6 killer bees
  3 centaur zombies
  A quasit (Abyss:1)
  19 hounds
  3 giant frog skeletons
  7 crimson imps
  2 orc priests
  12 worker ants
  5 iguanas
  9 orc wizards
  8 sheep
  A gnoll shaman (D:7)
  A killer bee zombie (D:7)
  4 ogre zombies (D:9)
  A hound skeleton (D:7)
  11 gnolls
  11 adders
  33 river rats
  3 shadow imps
  An ooze (D:5)
  2 adder skeletons
  2 adder zombies
  27 worms
  6 giant geckos
  27 orcs
  5 bats (D:1)
  6 giant cockroaches
  9 hobgoblins
  19 jackals
  15 kobolds
  7 quokkas
  A ball python (D:2)
  A giant gecko zombie (D:6)
  7 giant newts
  5 goblins
  2 goblin zombies (D:9)
  A jackal skeleton (D:4)
  A jackal zombie (D:5)
  6 orc zombies (D:9)
  8 rats
  5 fungi
  9 plants
  2 starspawn tentacles (Abyss:1)
576 creatures vanquished.

Vanquished Creatures (collateral kills)
  A tengu reaver (D:14)
  Nessos (D:13)
  Azrael (Orc:4)
  2 vault guards (D:14)
  6 hydras
  An ice dragon (Lair:8)
  2 death yaks
  2 tengu warriors
  3 orc high priests
  2 hill giants
  A wizard (D:14)
  A lindwurm (Lair:8)
  3 orc knights
  A necromancer (D:14)
  3 manticores
  2 oklob plants
  2 ugly things (D:14)
  A cyclops (D:11)
  4 elephants (Lair:6)
  A griffon (D:14)
  3 black mambas
  2 torpor snails (Lair:8)
  5 spiny frogs
  2 kobold demonologists (D:11)
  An efreet (D:14)
  A fire drake (Lair:1)
  A yaktaur (D:14)
  A redback zombie (D:14)
  6 komodo dragons
  7 trolls
  6 polar bears
  4 raiju (Lair:8)
  2 giant leeches (Lair:8)
  3 blink frogs
  2 wyverns (Lair:7)
  16 yaks
  A fire elemental (Orc:4)
  A hill giant zombie (D:9)
  4 basilisks
  9 humans (D:14)
  5 vampire mosquitoes (D:14)
  3 hippogriffs
  3 hungry ghosts
  2 wraiths
  A swamp worm (Lair:1)
  3 wargs
  6 water moccasins
  3 porcupines
  6 wolves
  5 hell hounds
  An ice beast (D:14)
  7 black bears (Lair:8)
  6 orc warriors
  2 wasps (Lair:8)
  9 crocodiles
  4 ogres
  3 big kobolds
  A brain worm (Lair:8)
  3 giant frogs
  7 killer bees
  2 electric eels (Lair:6)
  A crimson imp (D:14)
  3 jellies
  A wight (D:9)
  A giant frog zombie (D:13)
  3 hounds (Lair:8)
  3 iguanas
  A quasit (D:9)
  2 orc priests
  3 worker ants
  3 sheep
  An ogre zombie (D:9)
  An adder (D:8)
  29 river rats
  4 worms
  22 orcs
  A jackal (Lair:8)
  7 kobolds
  2 goblin skeletons (D:9)
  3 goblin zombies (D:9)
  2 hobgoblin zombies (D:9)
  10 orc zombies (D:9)
  A butterfly (Lair:4)
  31 fungi
  33 plants
367 creatures vanquished.

Vanquished Creatures (others)
  An orc warlord (Orc:4)
  13 orc warriors
  2 orc knights (Orc:4)
  An ancient zyme (Abyss:1)
  A wolf (Lair:6)
  7 orc wizards
  4 orc priests
  80 orcs
  2 rats (D:4)
  11 fungi
  21 plants
  9 starspawn tentacle segments (Abyss:1)
152 creatures vanquished.

Grand Total: 1095 creatures vanquished

Notes
Turn   | Place    | Note
--------------------------------------------------------------
     0 | D:1      | Jerry the Hill Orc Fighter began the quest for the Orb.
     0 | D:1      | Reached XP level 1. HP: 19/19 MP: 1/1
   314 | D:1      | Reached XP level 2. HP: 26/26 MP: 2/2
   552 | D:1      | Reached XP level 3. HP: 26/31 MP: 3/3
  1164 | D:2      | Reached skill level 4 in Shields
  1238 | D:2      | Found a shattered altar of Ashenzari.
  1316 | D:2      | Reached XP level 4. HP: 39/39 MP: 4/4
  1974 | D:3      | Noticed Jerry's ghost (amateur HOFi)
  1988 | D:3      | Killed Jerry's ghost
  1988 | D:3      | Reached skill level 5 in Shields
  1988 | D:3      | Reached XP level 5. HP: 30/45 MP: 5/5
  1994 | D:3      | Found a blossoming altar of Fedhas.
  2354 | D:3      | Reached skill level 5 in Axes
  2354 | D:3      | Reached XP level 6. HP: 46/51 MP: 6/6
  2523 | D:4      | Found a staircase to the Ecumenical Temple.
  2544 | D:4      | Reached skill level 5 in Armour
  2551 | Temple   | Entered the Ecumenical Temple
  2650 | D:5      | Entered Level 5 of the Dungeon
  2859 | D:4      | Became a worshipper of Beogh the Brigand
  2917 | D:4      | Noticed a moth of wrath
  3278 | D:4      | Found a bloodstained altar of Trog.
  3461 | D:5      | Reached XP level 7. HP: 54/57 MP: 7/7
  3505 | D:5      | Found a radiant altar of Vehumet.
  3530 | D:5      | Reached skill level 6 in Axes
  3697 | D:5      | Noticed Duvessa
  3697 | D:5      | Noticed Dowan
  3744 | D:5      | Killed Duvessa
  3751 | D:5      | Killed Dowan
  3836 | D:5      | Reached * piety under Beogh
  3890 | D:5      | Reached skill level 7 in Axes
  3890 | D:5      | Reached XP level 8. HP: 62/64 MP: 8/8
  4059 | D:5      | Gained mutation: You have large cloven feet. [mutagenic meat]
  4406 | D:6      | Reached skill level 8 in Axes
  4429 | D:6      | Found Qozuptan's Assorted Antiques.
  4437 | D:6      | Bought a pair of gloves for 112 gold pieces
  4592 | D:6      | Reached XP level 9. HP: 63/70 MP: 9/9
  4663 | D:6      | Reached skill level 9 in Axes
  4767 | D:6      | Reached ** piety under Beogh
  4942 | D:6      | Found a shadowy altar of Dithmenos.
  5194 | D:6      | Bought a jade ring for 125 gold pieces
  5439 | D:7      | Gained mutation: You have a pair of small antennae on your head. [mutagenic meat]
  5440 | D:7      | Gained mutation: You are partially covered in iridescent scales (AC +4). [mutagenic meat]
  5441 | D:7      | Gained mutation: Your spells are a little harder to cast, but a little more powerful. [mutagenic meat]
  5442 | D:7      | Lost mutation: Your spells are a little harder to cast, but a little more powerful. [mutagenic meat]
  5715 | D:7      | Reached skill level 10 in Axes
  5751 | D:7      | Killed an unseen horror
  5751 | D:7      | Reached XP level 10. HP: 67/77 MP: 10/10
  5867 | D:7      | Reached *** piety under Beogh
  5893 | D:7      | Found a white marble altar of Elyvilon.
  6058 | D:7      | Reached skill level 11 in Axes
  6221 | D:8      | Reached skill level 10 in Shields
  6435 | D:8      | Found a shimmering altar of Xom.
  6435 | D:8      | Found a shimmering altar of Xom.
  6437 | D:8      | Found a shimmering altar of Xom.
  6439 | D:8      | Found a shimmering altar of Xom.
  6439 | D:8      | Found a shimmering altar of Xom.
  6509 | D:8      | Noticed a red ugly thing
  6523 | D:8      | Killed a red ugly thing
  6523 | D:8      | Reached skill level 10 in Armour
  7150 | D:9      | Noticed a hill giant
  7169 | D:8      | Reached skill level 12 in Axes
  7173 | D:8      | Killed a hill giant
  7267 | D:9      | Reached **** piety under Beogh
  7276 | D:9      | Gained Arbolt as an ally
  7282 | D:9      | Your ally Arbolt died
  7296 | D:9      | Reached XP level 11. HP: 82/82 MP: 11/11
  7360 | D:9      | Found a staircase to the Orcish Mines.
  7403 | D:9      | Gained Orgrim as an ally
  7616 | D:9      | Gained mutation: Your flesh is cold resistant. [mutagenic meat]
  7617 | D:9      | Gained mutation: You are somewhat resistant to further mutation. [mutagenic meat]
  7621 | D:9      | Found a sacrificial altar of Ru.
  7634 | D:9      | Found a snail-covered altar of Cheibriados.
  7969 | D:9      | Noticed a hill giant
  7979 | D:9      | Killed a hill giant
  7979 | D:9      | Reached skill level 13 in Axes
  8192 | D:10     | Entered Level 10 of the Dungeon
  8466 | D:10     | Found a staircase to the Lair.
  8578 | D:10     | Got an ivory hand axe
  8579 | D:10     | Identified the +7 hand axe "Jopagu" {freeze, rN+} (You found it on level 10 of the Dungeon)
  8663 | D:10     | Reached ***** piety under Beogh
  9093 | Lair:1   | Entered Level 1 of the Lair of Beasts
  9638 | Lair:1   | Reached skill level 14 in Axes
  9796 | Lair:1   | Reached XP level 12. HP: 90/90 MP: 12/12
 10446 | Lair:2   | Gained Rocco as an ally
 11001 | D:7      | Got a shimmering hunting sling
 11002 | D:7      | Identified the +7 hunting sling "Maell" {venom, rN+ Int-5 SInv} (You found it on level 7 of the Dungeon)
 11395 | Lair:3   | Got a warped battleaxe
 11396 | Lair:3   | Identified the +9 battleaxe of the Wraith {chop, rPois Str+4} (You found it on level 3 of the Lair of Beasts)
 12435 | Lair:4   | Noticed a four-headed hydra
 12440 | Lair:4   | Killed a four-headed hydra
 12516 | Lair:4   | Noticed an eight-headed hydra
 12519 | Lair:4   | Noticed a death yak
 12522 | Lair:4   | Noticed a death yak
 12525 | Lair:4   | Noticed a death yak
 12525 | Lair:4   | Killed a 12-headed hydra
 12525 | Lair:4   | Reached skill level 15 in Axes
 12529 | Lair:4   | Killed a death yak
 12535 | Lair:4   | Killed a death yak
 12539 | Lair:4   | Killed a death yak
 12758 | Lair:4   | Reached ****** piety under Beogh
 12787 | Lair:4   | Found a hole to the Spider Nest.
 13080 | Lair:4   | Got a pair of jewelled gloves
 13081 | Lair:4   | Identified the +1 pair of gloves "Dusuip" {-Cast rElec rF- MR+} (You found it on level 4 of the Lair of Beasts)
 13195 | Lair:4   | Gained Hawl as an ally
 13481 | Orc:1    | Entered Level 1 of the Orcish Mines
 13574 | Orc:2    | Noticed an orc high priest
 13588 | Orc:2    | Killed an orc high priest
 13588 | Orc:2    | Reached XP level 13. HP: 85/95 MP: 13/13
 14037 | Orc:3    | Noticed Sonja
 14687 | Orc:4    | Entered Level 4 of the Orcish Mines
 14803 | Orc:4    | Found Rerev's General Store.
 14841 | Orc:4    | Noticed Azrael
 14859 | Orc:4    | Killed Azrael
 14859 | Orc:4    | Reached skill level 16 in Axes
 14863 | Orc:4    | Gained Warrok as an ally
 14906 | Orc:4    | Found Efetig's Book Boutique.
 15152 | Orc:4    | Found Daylagg's Antique Armour Shop.
 15323 | Orc:4    | Found a roughly hewn altar of Beogh.
 15341 | Orc:4    | Found Turhat's Antique Weapon Boutique.
 15341 | Orc:4    | Noticed an orc warlord
 15362 | Orc:4    | an orc warlord (ally) was killed
 15438 | Orc:4    | Found a staircase to the Elven Halls.
 15760 | Orc:3    | Found a roughly hewn altar of Beogh.
 15767 | Orc:3    | Killed Sonja
 16375 | Lair:5   | Found a staircase to the Swamp.
 17142 | Lair:6   | Found a deep blue altar of Sif Muna.
 18000 | Lair:7   | Reached skill level 17 in Axes
 18148 | Lair:7   | Got a translucent ruby amulet
 18150 | Lair:7   | Identified the amulet of Sovereignty {Clar rF++ rC- Int+2 Slay+2} (You found it on level 7 of the Lair of Beasts)
 18428 | Lair:7   | Reached XP level 14. HP: 102/102 MP: 14/14
 18724 | Lair:8   | Entered Level 8 of the Lair of Beasts
 18724 | Lair:8   | Found a viscous altar of Jiyva.
 18725 | Lair:8   | Found a staircase to the Slime Pits.
 19212 | Lair:8   | Reached skill level 15 in Armour
 19228 | Lair:8   | Reached skill level 15 in Shields
 19606 | Lair:8   | Found a runed door.
 21827 | D:13     | Reached skill level 18 in Axes
 21903 | D:13     | Noticed Nessos
 21929 | D:13     | Killed Nessos
 21929 | D:13     | Reached skill level 5 in Fighting
 22637 | D:14     | Gained Boldo as an ally
 22687 | D:14     | Gained mutation: You are partially covered in large bone plates (AC +2, SH +2). [mutagenic meat]
 22688 | D:14     | Gained mutation: You are partially covered in icy blue scales (AC +1). [mutagenic meat]
 22692 | D:14     | Gained mutation: You passively map a small area around you. [mutagenic meat]
 22694 | D:14     | Gained mutation: You are dopey. (Int -2) [mutagenic meat]
 22832 | D:14     | Gained Bogmar as an ally
 22865 | D:14     | Reached XP level 15. HP: 115/115 MP: 15/15
 22892 | D:14     | Gained Ortolf as an ally
 22920 | D:14     | Gained Ortolf as an ally
 22942 | D:14     | Found a gate to the Vaults.
 23301 | D:14     | Found a shadowy altar of Dithmenos.
 23402 | D:14     | Noticed a tengu reaver
 23412 | D:14     | Killed a tengu reaver
 23425 | D:14     | Cast into the Abyss (a distortion unwield)
 23575 | Abyss:1  | Noticed a tentacled starspawn
 23584 | Abyss:1  | Killed a tentacled starspawn
 23664 | Abyss:1  | Paralysed by accursed screaming for 1 turns
 23667 | Abyss:1  | Noticed a lich
 23690 | Abyss:1  | Found a corrupted altar of Lugonu.
 23702 | Abyss:1  | Found a corrupted altar of Lugonu.
 23721 | Abyss:1  | HP: 6/121 [large abomination (13)]
 23731 | Abyss:1  | HP: 1/121 [ancient zyme (5)]
 23746 | Abyss:1  | HP: 3/121 [wretched star/orb of energy (1)]
 23943 | Abyss:1  | HP: 5/121 [smoke demon/divine providence (9)]
 23953 | Abyss:1  | Mangled by a large abomination

Action                   |  1- 3 |  4- 6 |  7- 9 | 10-12 | 13-15 || total
-------------------------+-------+-------+-------+-------+-------++-------
Melee: War axe           |   113 |   162 |   498 |   533 |       ||  1306
       Hand axe          |       |       |       |   437 |  1007 ||  1444
Invok: Convert to Beogh  |       |     1 |       |       |       ||     1
       Recall Orcish Fol |       |       |       |     4 |     7 ||    11
       Give Item to Name |       |       |       |     2 |     2 ||     4
       Stop Recall       |       |       |       |       |     4 ||     4
  Use: Scroll            |     1 |       |    14 |     5 |    19 ||    39
       Potion            |       |     1 |     4 |     1 |    16 ||    22
 Stab: Distracted        |       |       |       |     5 |    11 ||    16
       Confused          |       |       |       |       |     1 ||     1
  Eat: Chunk             |     2 |     7 |    18 |    38 |    39 ||   104
       Meat ration       |       |       |       |     1 |       ||     1
       Fruit             |       |       |       |     1 |    11 ||    12
